 Dungeon Crawl Stone Soup version 0.21.1-1-g345015f (webtiles) character file.

24 inc the Chiller (level 3, -12/21 HPs)
             Began as an Octopode Ice Elementalist on June 11, 2018.
             Mangled by an ogre
             ... wielding a +0 giant spiked club
              (33 damage)
             ... on level 3 of the Dungeon.
             The game lasted 00:01:07 (1165 turns).

inc the Chiller (Octopode Ice Elementalist)         Turns: 1165, Time: 00:01:08

Health: -12/21     AC:  1    Str:  7    XL:     3   Next: 2%
Magic:  3/6        EV: 13    Int: 18    God:
Gold:   83         SH:  0    Dex: 12    Spells: 5/6 levels left

rFire    . . .     SeeInvis .   g - +0 whip
rCold    . . .     Gourm    .   (no shield)
rNeg     . . .     Faith    .   (helmet restricted)
rPois    .         Spirit   .   i - amulet of harm
rElec    .         Reflect  .   (no ring)
rCorr    .         Harm     +   (no ring)
MR       .....                  (no ring)
Stlth    +++.......             (no ring)
HPRegen  0.07/turn              (no ring)
MPRegen  0.10/turn              (no ring)
                                (no ring)
                                (no ring)

@: no status effects
A: almost no armour, stealthy swim, amphibious, 8 rings, constrict 8, camouflage
1, gelatinous body 1
a: no special abilities


You were on level 3 of the Dungeon.
You were not hungry.

You visited 1 branch of the dungeon, and saw 3 of its levels.

You collected 83 gold pieces.

Inventory:

Hand Weapons
 g - a +0 whip (weapon)
Jewellery
 i - an amulet of harm (around mantle)
Scrolls
 c - a scroll of fear {unknown}
 d - a scroll of enchant weapon {unknown}
 f - a scroll of blinking {unknown}
 h - a scroll of immolation {unknown}
Potions
 e - a potion of curing {unknown}
Books
 a - a book of Frost

   Spells                             Type                      Level
   a - Freeze                         Ice                          1
   b - Throw Frost                    Conjuration/Ice              2
   c - Ozocubu's Armour               Charms/Ice                   3
   d - Throw Icicle                   Conjuration/Ice              4
   e - Summon Ice Beast               Ice/Summoning                4
Comestibles
 b - 2 rations


   Skills:
 - Level 2.0 Dodging
 - Level 2.6 Stealth
 - Level 2.0 Spellcasting
   Level 1.0 Conjurations
 + Level 4.1 Ice Magic


You had 5 spell levels left.
You knew the following spells:

 Your Spells              Type           Power        Failure   Level  Hunger
a - Freeze                Ice            ###.         3%          1    #......


Dungeon Overview and Level Annotations

Branches:
Dungeon (3/15)

Altars:
Uskayaw

Annotations:
D:3 Ijyb


Innate Abilities, Weirdness & Mutations

You cannot wear most types of armour.
You are very stealthy in the water. (Stealth+)
You are amphibious.
You can wear up to eight rings at the same time.
You can use your tentacles to constrict eight enemies at once.
Your skin changes colour to match your surroundings (Stealth+).
Your rubbery body absorbs attacks. (AC +1, EV +1)


Message History

The ogre is lightly wounded.
The ogre misses you.
Casting: Freeze
Confirm with . or Enter, or press ? or * to list all spells.
Aiming: Freeze
Press: ? - help, Shift-Dir - straight line, f/p - ogre
Aim: an ogre, wielding a giant spiked club (lightly wounded)
You freeze the ogre.
The ogre is moderately wounded.
The ogre hits you but does no damage.
Casting: Freeze
Confirm with . or Enter, or press ? or * to list all spells.
Aiming: Freeze
Press: ? - help, Shift-Dir - straight line, f/p - ogre
Aim: an ogre, wielding a giant spiked club (moderately wounded)
You freeze the ogre.
The ogre is heavily wounded.
The ogre hits you with a giant spiked club!!
Ouch! That really hurt!
You die...

## #.# #.# #.# .g #.# #.#
#.# #. #.# #.# #.# #. ##.##
#.# #)# #.###.#.####.# #.#
#.#..###..##.# #.#
######.#.#.#.#.##.#### #.#
.........##.##.##.<..####.#
.#####....O@.......#...)..#
#.####..........###### ...
####.####### ##.O #.# #..
#.# ... ... .... #.. ##


You could see an ogre.

Vanquished Creatures
  A dart slug (D:1)
  An orc (D:3)
  A ball python (D:1)
  A giant cockroach (D:1)
  4 goblins
  4 hobgoblins
  2 bats
  A frilled lizard (D:2)
  3 kobolds
  A rat (D:1)
19 creatures vanquished.

Notes
Turn   | Place    | Note
-------+----------+-------------------------------------------
     0 | D:1      | inc the Octopode Ice Elementalist began the quest for the Orb.
     0 | D:1      | Reached XP level 1. HP: 11/11 MP: 3/3
   693 | D:1      | Reached XP level 2. HP: 15/17 MP: 5/5
  1004 | D:2      | Found a hide-covered altar of Uskayaw.
  1004 | D:2      | Noticed a dagger
  1005 | D:2      | Noticed a hand axe
  1045 | D:2      | Reached skill level 4 in Ice Magic
  1112 | D:3      | Reached XP level 3. HP: 19/21 MP: 3/6
  1155 | D:3      | Noticed Ijyb
  1155 | D:3      | Noticed an ogre
  1165 | D:3      | Mangled by an ogre

Skill      XL: |  1  2 |
---------------+-------+-----
Ice Magic      | 4 |  4.1
Dodging        | |  2.0
Stealth        | |  2.6
Spellcasting   | |  2.0
Conjurations   | |  1.0

Action                   || total
-------------------------++-------
Melee: Unarmed           ||    28
       Constrict         ||     6
       Tentacles         ||     6
       Whip              ||     2
 Cast: Freeze            ||    20
 Stab: Sleeping          ||     2
  Eat: Chunk             ||     1
Armor: Skin              ||     6
Dodge: Dodged            ||    29
